 Dungeon Sprint DCSS version 0.21.1-1-g345015f (webtiles) character file.

14400000 doot the Conqueror (level 27, -138/273 HPs)
             Began as a Ghoul Warper on May 5, 2018.
             Was the Champion of Makhleb.
             Annihilated by a fleshlord
             ... wielding a +9 great mace
              (398 damage)
             ... in the Dungeon (Sprint VIII: "Arena of Blood").
             The game lasted 00:07:12 (144 turns).

doot the Conqueror (Ghoul Warper)                    Turns: 144, Time: 00:07:13

Health: -138/273   AC:  6    Str: 19    XL:     27
Magic:  38/53      EV: 32    Int:  8    God:    Makhleb [******]
Gold:   0          SH:  0    Dex: 17    Spells: 80/80 levels left

rFire    . . .     SeeInvis .   k - +∞ Axe of Woe
rCold    + . .     Gourm    .   (shield currently unavailable)
rNeg     + + +     Faith    .   a - +0 leather armour
rPois    ∞         Spirit   .   (no helmet)
rElec    .         Reflect  .   (no cloak)
rCorr    .         Harm     .   (no gloves)
MR       ++...     NoTele   +   (no boots)
Stlth    +++++++++.             (no amulet)
HPRegen  0.00/turn              (no ring)
MPRegen  0.33/turn              (no ring)

@: marked, rotting, slowed, very slow
A: rotting body, claws 1, carnivore, cold resistance 1, negative energy
resistance 3, inhibited regeneration, torment resistance, unbreathing
a: Minor Destruction, Lesser Servant of Makhleb, Major Destruction, Greater
Servant of Makhleb, Renounce Religion


You were in the Dungeon.
You worshipped Makhleb.
Makhleb was exalted by your worship.
You were not hungry.

You visited 1 branch

Inventory:

Hand Weapons
 k - the +∞ Axe of Woe (weapon)
   (You found it in the Dungeon)
Missiles
 d - 5 tomahawks of dispersal (quivered)
Armour
 a - a +0 leather armour (worn)
Scrolls
 c - 2 scrolls of blinking
Potions
 e - a potion of curing
 g - a potion of heal wounds
 h - a potion of haste
 i - 2 potions of magic
 j - a potion of berserk rage
Books
 b - a book of Spatial Translocations

   Spells                             Type                      Level
   a - Blink                          Translocation                2
   b - Shroud of Golubria             Charms/Translocation         2
   c - Lesser Beckoning               Translocation                3
   d - Gell's Gravitas                Translocation                3
   e - Teleport Other                 Translocation                3
   f - Passage of Golubria            Translocation                4
Comestibles
 f - a ration


   Skills:
 O Level 27 Fighting
 O Level 27 Axes
 O Level 27 Throwing
 O Level 27 Armour
 O Level 27 Dodging
 O Level 27 Stealth
 O Level 27 Unarmed Combat
 O Level 27 Spellcasting
   Level 2.6 Translocations
 O Level 27 Invocations


You had 80 spell levels left.
You didn't know any spells.

Dungeon Overview and Level Annotations

Branches:
Dungeon (1/1)

Altars:
Makhleb


Innate Abilities, Weirdness & Mutations

Your body is rotting away.
You thrive on raw meat.
You are immune to poison.
You have sharp fingernails.
You are carnivorous and can eat meat at any time.
Your flesh is cold resistant. (rC+)
You are immune to negative energy. (rN+++)
You do not regenerate when monsters are visible.
You are immune to unholy pain and torment.
You can survive without breathing.


Message History

Makhleb accepts your kill.
The large abomination disappears in a puff of smoke!
The tentacled monstrosity disappears in a puff of smoke! x2
The large abomination disappears in a puff of smoke!
You slice the bag of meat!! You chop the bag of meat into pieces.
You kill the bag of meat!
Makhleb accepts your kill.
You slash the fleshlord!
You fatally mangle the fleshlord.
You kill the fleshlord!
Makhleb accepts your kill. ------------------------------------------------------------------------------ ------------------------------------------------------------------------------ -- The Meatlord has descended... -- ------------------------------------------------------------------------------ ------------------------------------------------------------------------------ You hear a shout!
You feel something staring at you. Something smites you!
The tyrant casts a spell.
The fleshlord gestures at you while chanting.
You barely resist.
The bag of meat is engulfed in blazing flames.
The fleshlord hits you with a +9 great mace!!!!!!
Ouch! That really hurt!
You die...

..O ..... #...
..X# . #...
o.D# . ..###...
X.L###..
.....§###2oXoX.


..xoo§_OWXoo. . #OooX.# ... #_)oL_# ..X.§#@O)SD#o.. #X{.ppOpW_oXOVo..
XopD.oo2###oooVo. XoS###o.p ..o###.. M. #xXp ...# . #ooWX...# XozXoXp.. ..X.MXX
.. .... You could see 2 accurseds, 3 tentacled monstrosities, 2 meat beasts, 2
tyrants, 3 eight-headed meat hydras, 2 destroyers, 2 scourges, 6 fleshlords, a
sculptor of flesh, 3 large bags of meat, 11 large abominations, 3 dreads, 2 meat
berserkers, a small abomination and 24 bags of meat.

Vanquished Creatures
  6 hell knights (D)
  Sigmund (D)
  12 hell beasts (D)
  Edmund (D)
  3 greater mummies (D)
  6 great orbs of eyes (D)
  6 wraiths (D)
  Harold (D)
  22 vampire knights (D)
  51 ogres (D)
  5 two-headed ogres (D)
  8 liches (D)
  5 hydras (D)
  84 orcs (D)
  9 phantoms (D)
  6 skeletal warriors (D)
  5 sea snakes (D)
  10 large abominations (D)
  6 small abominations (D)
  17 crawling corpses (D)
264 creatures vanquished.

Vanquished Creatures (others)
  4 crawling corpses (D)
4 creatures vanquished.

Grand Total: 268 creatures vanquished

Notes
Turn   | Place    | Note
-------+----------+-------------------------------------------
     0 | D        | Found the +∞ Axe of Woe
     0 | D        | doot the Ghoul Warper began the quest for the Orb.
     0 | D        | Reached XP level 1. HP: 17/17 MP: 2/2
     3 | D        | Noticed a bag of meat
     4 | D        | Noticed a bag of meat
     4 | D        | Became a worshipper of Makhleb the Destroyer
     5 | D        | Noticed a bag of meat
     6 | D        | Noticed a bag of meat
     6 | D        | Noticed a bag of meat
     6 | D        | Noticed a bag of meat
     9 | D        | Noticed a meat berserker
     9 | D        | Killed a bag of meat
     9 | D        | Reached XP level 2. HP: 47/47 MP: 2/15
     9 | D        | Reached XP level 3. HP: 53/53 MP: 2/17
     9 | D        | Reached XP level 4. HP: 61/61 MP: 2/18
     9 | D        | Reached XP level 5. HP: 68/68 MP: 2/20
     9 | D        | Reached XP level 6. HP: 75/75 MP: 2/21
     9 | D        | Reached XP level 7. HP: 82/82 MP: 2/23
     9 | D        | Reached XP level 8. HP: 90/90 MP: 2/24
     9 | D        | Reached XP level 9. HP: 96/96 MP: 2/25
     9 | D        | Reached XP level 10. HP: 104/104 MP: 2/26
     9 | D        | Reached XP level 11. HP: 111/111 MP: 2/27
     9 | D        | Reached XP level 12. HP: 118/118 MP: 2/28
    10 | D        | Noticed a bag of meat
    10 | D        | Killed a bag of meat
    10 | D        | Reached * piety under Makhleb
    10 | D        | Reached skill level 5 in Throwing
    10 | D        | Reached skill level 5 in Armour
    10 | D        | Reached skill level 15 in Spellcasting
    10 | D        | Reached XP level 13. HP: 68/130 MP: 2/31
    10 | D        | Killed a bag of meat
    10 | D        | Reached skill level 15 in Dodging
    10 | D        | Reached XP level 14. HP: 74/141 MP: 2/33
    10 | D        | Killed a meat berserker
    10 | D        | Reached XP level 15. HP: 155/155 MP: 2/37
    11 | D        | Reached ** piety under Makhleb
    11 | D        | Reached skill level 10 in Axes
    11 | D        | Reached XP level 16. HP: 167/167 MP: 2/39
    13 | D        | Noticed a meat berserker
    14 | D        | Noticed a meat berserker
    14 | D        | Reached *** piety under Makhleb
    15 | D        | Noticed a meat berserker
    15 | D        | Noticed a meat berserker
    15 | D        | Killed a meat berserker
    15 | D        | Reached XP level 17. HP: 181/181 MP: 4/42
    16 | D        | Reached **** piety under Makhleb
    16 | D        | Reached XP level 18. HP: 194/194 MP: 4/44
    16 | D        | Reached skill level 10 in Throwing
    16 | D        | Reached skill level 10 in Armour
    17 | D        | Noticed a meat berserker
    17 | D        | Noticed a meat berserker
    17 | D        | Killed a meat berserker
    17 | D        | Reached skill level 27 in Fighting
    17 | D        | Reached skill level 27 in Unarmed Combat
    17 | D        | Reached XP level 19. HP: 207/207 MP: 4/46
    17 | D        | Killed a meat berserker
    17 | D        | Killed a meat berserker
    17 | D        | Reached ***** piety under Makhleb
    17 | D        | Killed a meat berserker
    17 | D        | Reached skill level 27 in Axes
    17 | D        | Reached skill level 27 in Spellcasting
    17 | D        | Reached XP level 20. HP: 216/216 MP: 4/50
    17 | D        | Reached skill level 15 in Throwing
    17 | D        | Reached skill level 15 in Armour
    17 | D        | Reached skill level 27 in Dodging
    18 | D        | Noticed a large bag of meat
    18 | D        | Killed a meat berserker
    18 | D        | Reached XP level 21. HP: 187/224 MP: 5/51
    18 | D        | Reached ****** piety under Makhleb
    20 | D        | Noticed a destroyer
    21 | D        | Killed a destroyer
    21 | D        | Reached skill level 27 in Throwing
    21 | D        | Reached skill level 27 in Armour
    21 | D        | Reached XP level 22. HP: 233/233 MP: 6/52
    24 | D        | Reached XP level 23. HP: 240/240 MP: 6/53
    26 | D        | Killed a large bag of meat
    26 | D        | Reached skill level 27 in Stealth
    26 | D        | Reached skill level 27 in Invocations
    27 | D        | Noticed a destroyer
    30 | D        | Noticed a destroyer
    31 | D        | Reached XP level 24. HP: 249/249 MP: 8/53
    33 | D        | Noticed a destroyer
    34 | D        | Killed a destroyer
    35 | D        | Reached XP level 25. HP: 257/257 MP: 9/53
    37 | D        | Killed a destroyer
    39 | D        | Killed a destroyer
    39 | D        | Reached XP level 26. HP: 266/266 MP: 10/53
    41 | D        | Noticed a destroyer
    44 | D        | Noticed a tyrant
    44 | D        | Killed a destroyer
    48 | D        | Noticed a large bag of meat
    50 | D        | Noticed a tyrant
    51 | D        | Reached XP level 27. HP: 273/273 MP: 14/53
    52 | D        | Noticed a destroyer
    53 | D        | Noticed a destroyer
    53 | D        | Noticed a destroyer
    53 | D        | Killed a tyrant
    54 | D        | Killed a destroyer
    59 | D        | Noticed a destroyer
    59 | D        | Killed a destroyer
    59 | D        | Killed a tyrant
    60 | D        | Noticed a destroyer
    60 | D        | Killed a large bag of meat
    61 | D        | Noticed The Servant
    62 | D        | Noticed a destroyer
    62 | D        | Noticed a destroyer
    64 | D        | Killed a destroyer
    66 | D        | Killed a destroyer
    67 | D        | Killed a destroyer
    68 | D        | Noticed a tyrant
    69 | D        | Noticed a tyrant
    69 | D        | Noticed a meat beast
    69 | D        | Killed a destroyer
    69 | D        | Killed The Servant
    71 | D        | Noticed a dread
    71 | D        | Killed a meat beast
    75 | D        | Noticed a meat beast
    76 | D        | Noticed a meat beast
    76 | D        | Noticed a destroyer
    77 | D        | Noticed a meat beast
    77 | D        | Killed a dread
    78 | D        | Noticed a destroyer
    78 | D        | Noticed a tyrant
    78 | D        | Noticed a meat beast
    79 | D        | Noticed a destroyer
    80 | D        | Killed a tyrant
    80 | D        | Killed a meat beast
    81 | D        | Noticed a destroyer
    83 | D        | Killed a destroyer
    83 | D        | Killed a tyrant
    86 | D        | Killed a destroyer
    87 | D        | Noticed a dread
    87 | D        | Noticed an accursed
    87 | D        | Killed a destroyer
    88 | D        | Killed a meat beast
    88 | D        | Killed a meat beast
    90 | D        | Noticed a meat beast
    91 | D        | Noticed a tyrant
    92 | D        | Killed a destroyer
    95 | D        | Noticed a destroyer
    95 | D        | Noticed a tyrant
    95 | D        | Killed a meat beast
    96 | D        | Noticed a dread
    96 | D        | Noticed a meat beast
    96 | D        | Killed a tyrant
    98 | D        | Noticed an accursed
    98 | D        | Noticed The Defiler
    98 | D        | Killed a dread
   100 | D        | Killed an accursed
   101 | D        | Killed a meat beast
   101 | D        | Killed a meat beast
   102 | D        | Noticed The Captor
   102 | D        | Killed a dread
   103 | D        | Noticed a large bag of meat
   104 | D        | Noticed a large bag of meat
   104 | D        | Noticed an accursed
   106 | D        | Killed an accursed
   107 | D        | Noticed a destroyer
   107 | D        | Killed an accursed
   108 | D        | Noticed a dread
   108 | D        | Killed a tyrant
   109 | D        | Killed a large bag of meat
   111 | D        | Killed a large bag of meat
   111 | D        | Killed The Defiler
   115 | D        | Killed a destroyer
   116 | D        | Noticed a tyrant
   116 | D        | Killed a destroyer
   117 | D        | Killed a destroyer
   118 | D        | Killed The Captor
   118 | D        | Killed a tyrant
   119 | D        | Noticed a meat beast
   120 | D        | Noticed a destroyer
   121 | D        | Noticed a fleshlord
   121 | D        | Noticed an accursed
   122 | D        | Noticed a fleshlord
   123 | D        | Killed a meat beast
   124 | D        | Noticed a dread
   125 | D        | Noticed a fleshlord
   125 | D        | Noticed a meat beast
   125 | D        | Killed a destroyer
   125 | D        | Killed a fleshlord
   125 | D        | Killed a meat beast
   127 | D        | Noticed a dread
   127 | D        | Noticed a meat beast
   127 | D        | Killed a dread
   128 | D        | Noticed a fleshlord
   128 | D        | Noticed a dread
   129 | D        | Noticed a destroyer
   129 | D        | Noticed an accursed
   130 | D        | Noticed a tyrant
   130 | D        | Noticed a tyrant
   131 | D        | Noticed a tyrant
   131 | D        | Noticed a dread
   131 | D        | Noticed a large bag of meat
   131 | D        | Killed a meat beast
   132 | D        | Noticed a tyrant
   132 | D        | Killed a dread
   133 | D        | Noticed a meat beast
   133 | D        | Noticed a large bag of meat
   135 | D        | Noticed a large bag of meat
   136 | D        | Noticed a destroyer
   136 | D        | Noticed a meat beast
   136 | D        | Killed a fleshlord
   137 | D        | Noticed a fleshlord
   137 | D        | Noticed a fleshlord
   137 | D        | Noticed a destroyer
   137 | D        | Noticed a fleshlord
   137 | D        | Killed a fleshlord
   137 | D        | Killed a dread
   137 | D        | Killed a fleshlord
   138 | D        | Noticed a fleshlord
   138 | D        | Noticed a fleshlord
   138 | D        | Noticed a large bag of meat
   138 | D        | Noticed a tyrant
   138 | D        | Killed a large bag of meat
   138 | D        | Killed a destroyer
   138 | D        | Killed a meat beast
   139 | D        | Noticed a meat beast
   139 | D        | Noticed a dread
   140 | D        | Noticed a tyrant
   140 | D        | Noticed a tyrant
   140 | D        | Killed a destroyer
   140 | D        | Killed a fleshlord
   142 | D        | Noticed a meat beast
   142 | D        | Noticed a fleshlord
   142 | D        | Killed a destroyer
   143 | D        | Noticed a fleshlord
   144 | D        | Noticed a destroyer
   144 | D        | Killed a meat beast
   144 | D        | Killed a tyrant
   144 | D        | Killed a fleshlord
   144 | D        | Annihilated by a fleshlord

Skill      XL: |  1  2  3  4  5  6  7  8  9 10 11 12 13 14 15 16 17 18 19 20 21 22 23 |
---------------+----------------------------------------------------------------------+-----
Fighting       | 14 16 17 19 21 23 25 27 | 27.0
Axes           | 4 6 7 9 11 16 18 21 27 | 27.0
Throwing       | 4 5 6 7 8 9 11 13 19 27 | 27.0
Armour         | 4 5 6 7 8 9 11 13 19 27 | 27.0
Dodging        | 12 14 15 16 18 20 22 26 27 | 27.0
Unarmed Combat | 14 16 17 19 21 24 25 27 | 27.0
Spellcasting   | 13 15 16 19 20 22 23 24 27 | 27.0
Stealth        | 25 27 | 27.0
Invocations    | 23 27 | 27.0
Translocations | |  2.6

Action                   |  1- 3 |  4- 6 |  7- 9 | 10-12 | 13-15 | 16-18 | 19-21 | 22-24 | 25-27 || total
-------------------------+-------+-------+-------+-------+-------+-------+-------+-------+-------++-------
Melee: Executioner's axe |     1 |       |       |     1 |     1 |     5 |     3 |     9 |    91 ||   111
Invok: Greater Servant o |       |       |       |       |       |       |       |       |     4 ||     4
Armor: Leather armour    |       |       |       |       |       |     1 |       |       |     1 ||     2
Dodge: Dodged            |       |       |       |       |     1 |       |       |       |    11 ||    12
